 Dungeon Crawl Stone Soup version 0.31.0-11-ge490571c62 (webtiles) character file.

Game seed: 10974011982012820105

756 Arctor the Magician (level 7, -5/36 HPs)
             Began as a Deep Elf Fire Elementalist on Feb 6, 2024.
             Killed from afar by Duvessa (9 damage)
             ... with a puff of flame
             ... on level 5 of the Dungeon.
             The game lasted 00:04:06 (4026 turns).

Arctor the Magician (Deep Elf Fire Elementalist)    Turns: 4026, Time: 00:04:07

Health: -5/36      AC:  2    Str:  5    XL:     7   Next: 50%
Magic:  11/17      EV: 13    Int: 22    God:
Gold:   144        SH:  5    Dex: 18    Spells: 13/16 levels left

rFire   . . .        k - +4 sling of Qazauts {elec, ^Contam Fly Dex+3}
rCold   . . .        v - +1 buckler
rNeg    + . .        a - +0 robe
rPois   .            (no helmet)
rElec   .            (no cloak)
rCorr   .            (no gloves)
SInv    .            (no boots)
Will    .....        e - amulet of magic regeneration
Stlth   +++          m - ring of positive energy
HPRegen 0.26/turn    (no ring)
MPRegen 0.55/turn

%: no passive effects
@: flying
A: no striking features
a: no special abilities


You were on level 5 of the Dungeon.
You visited 1 branch of the dungeon, and saw 5 of its levels.

You collected 180 gold pieces.
You spent 36 gold pieces at shops.

Inventory:

Hand Weapons
 d - a +3 dagger
 k - the +4 sling of Qazauts (weapon) {elec, ^Contam Fly Dex+3}
   (You found it on level 2 of the Dungeon)

   Dex+3:     It affects your dexterity (+3).
   Fly:       It grants you flight.
   ^Contam:   It causes magical contamination when unequipped.
 y - a +2 heavy mace
Armour
 a - a +0 robe (worn)
 v - a +1 buckler (worn)
Magical Staves
 t - a staff of cold
Jewellery
 e - an amulet of magic regeneration (around neck)
 g - an amulet of regeneration
 m - a ring of positive energy (left hand)
 n - an amulet of guardian spirit
 s - a ring of wizardry
Wands
 x - a wand of paralysis (11)
Scrolls
 h - 2 scrolls of identify {unknown}
 o - a scroll of teleportation
 p - a scroll of enchant armour
 q - a scroll of poison {unknown}
 r - a scroll of summoning
 u - a scroll of enchant weapon {unknown}
 w - a scroll of immolation {unknown}
Potions
 b - a potion of magic
 f - a potion of degeneration {unknown}
 i - a potion of mutation {unknown}
 j - 3 potions of enlightenment {unknown}
 l - 3 potions of curing
 z - a potion of attraction {unknown}


   Skills:
 + Level 4.0 Ranged Weapons
 + Level 4.7 Dodging
 + Level 5.0 Stealth
 + Level 5.4 Spellcasting
 + Level 3.7 Conjurations
 + Level 5.0 Fire Magic


You had 13 spell levels left.
You knew the following spells:

 Your Spells              Type           Power      Damage    Failure   Level
a - Foxfire               Conj/Fire      100%       2x1d9     3%          1
b - Scorch                Fire           54%        2d7       3%          2

Your spell library contained the following spells:

 Spells                   Type           Power      Damage    Failure   Level
 Inner Flame              Hex/Fire       16%        N/A       21%         3
 Volatile Blastmotes      Fire/Tloc      32%        2d12      21%         3
 Lesser Beckoning         Tloc           10%        N/A       28%         2
 Flame Wave               Conj/Fire      25%        2d8       30%         4
 Gell's Gravitas          Tloc           5%         N/A       50%         3
 Teleport Other           Tloc           5%         N/A       50%         3


Dungeon Overview and Level Annotations

Branches:
Dungeon (5/15)
 Temple: D:4-7

Altars:
Kikubaaqudgha
Okawaru
Xom

Shops:
D:4 =   D:5 !

Annotations:
D:5 Dowan, Duvessa


Message History

Duvessa is lightly wounded.
Duvessa zaps a wand.
The puff of flame misses you.
You shoot a sling bullet.
The sling bullet hits Duvessa but does no damage.
Duvessa is lightly wounded.
Duvessa zaps a wand.
The puff of flame hits you!
You shoot a sling bullet. The sling bullet barely misses Duvessa.
Duvessa zaps a wand.
The puff of flame misses you.
You shoot a sling bullet. The sling bullet hits Duvessa.
Duvessa is lightly wounded.
You shoot a sling bullet. The sling bullet barely misses Duvessa.
You shoot a sling bullet. The sling bullet barely misses Duvessa.
You shoot a sling bullet.
The sling bullet closely misses Duvessa.
Duvessa hits you with a +0 short sword!
Casting: Scorch (safe; 3% risk of failure)
Confirm with . or Enter, or press ? or * to list all spells.
Flames lash Duvessa.
Duvessa is lightly wounded.
Duvessa's fire resistance burns away.
You hear a shout!
Dowan, Brother of Duvessa comes into view.
He is wielding a +0 dagger.
Duvessa hits you with a +0 short sword.
Casting: Scorch (safe; 3% risk of failure)
Confirm with . or Enter, or press ? or * to list all spells.
Flames lash Duvessa but do no damage.
Duvessa zaps a wand.
The puff of flame hits you!
* * * LOW HITPOINT WARNING * * *
Casting: Scorch (safe; 3% risk of failure)
Confirm with . or Enter, or press ? or * to list all spells.
Flames lash Duvessa.
Duvessa is burned terribly!
Duvessa is heavily wounded.
Dowan casts a spell.
Dowan blinks!
Duvessa closely misses you.
Casting: Scorch (safe; 3% risk of failure)
Confirm with . or Enter, or press ? or * to list all spells.
Flames lash Duvessa.
Duvessa is burned terribly!
Duvessa is severely wounded.
Duvessa zaps a wand.
The puff of flame hits you!
You die...

.###.## .###..####
....... ##.......#
..ยง.... .........#
>...... .#....<..##
....... .#...)....#
....... .#..))....#
....... .#........#
####e......
##........####..@.#
########........###
#........#
#...)....#
#........#
#........#
#........#
##########


You could see Duvessa (combustible).

Vanquished Creatures
  A water moccasin (D:4)
  2 phantoms
  Blork the orc (D:4)
  A scorpion (D:4)
  A bombardier beetle (D:4)
  3 hounds
  A gnoll bouda (D:5)
  An iguana (D:5)
  Ijyb (D:4)
  5 gnolls (D:5)
  6 adders
  A dart slug (D:1)
  A ribbon worm (D:2)
  5 orcs
  5 bats
  9 endoplasms
  4 giant cockroaches
  13 goblins
  5 hobgoblins
  2 jackals (D:4)
  3 kobolds
  2 quokkas
  2 ball pythons
  3 frilled lizards
  6 rats
84 creatures vanquished.

Vanquished Creatures (others)
  134 foxfires
134 creatures vanquished.

Grand Total: 218 creatures vanquished

Notes
Turn   | Place    | Note
-------+----------+-------------------------------------------
     0 | D:1      | Arctor the Deep Elf Fire Elementalist began the quest for
                  | the Orb.
     0 | D:1      | Reached XP level 1. HP: 10/10 MP: 6/6
   651 | D:1      | Reached XP level 2. HP: 15/15 MP: 2/8
   711 | D:1      | Found a faded altar of an unknown god.
   789 | D:1      | Learned a level 2 spell: Scorch
  1112 | D:2      | Found a shimmering altar of Xom.
  1288 | D:2      | Identified the +4 sling of Qazauts {elec, ^Contam Fly
                  | Dex+3}
  1316 | D:2      | Reached XP level 3. HP: 19/19 MP: 9/9
  1617 | D:3      | You are sucked into a shaft and drop 1 floor!
  1627 | D:4      | Noticed Blork the orc
  1632 | D:4      | Killed Blork the orc
  1633 | D:4      | Reached skill level 1 in Ranged Weapons
  1633 | D:4      | Reached XP level 4. HP: 24/24 MP: 9/11
  2655 | D:4      | Reached XP level 5. HP: 28/28 MP: 13/13
  2692 | D:4      | Found an iron altar of Okawaru.
  2801 | D:4      | Noticed Ijyb
  2809 | D:4      | Paralysed by Ijyb for 5 turns
  2814 | D:4      | Killed Ijyb
  3078 | D:4      | Noticed a phantom
  3082 | D:4      | Killed a phantom
  3083 | D:4      | Reached XP level 6. HP: 26/32 MP: 14/14
  3248 | D:4      | Found an ancient bone altar of Kikubaaqudgha.
  3289 | D:4      | Found Koskat's One-of-a-Kind Rings.
  3683 | D:5      | Entered Level 5 of the Dungeon
  3711 | D:5      | Found Zush's Distillery.
  3727 | D:5      | Noticed a water moccasin
  3732 | D:5      | HP: 1/32 [adder (3)]
  3861 | D:4      | Killed a water moccasin
  3862 | D:4      | Reached skill level 5 in Spellcasting
  3862 | D:4      | Reached XP level 7. HP: 32/36 MP: 10/16
  3945 | D:5      | Bought a potion of curing for 36 gold pieces
  3981 | D:5      | Reached skill level 5 in Stealth
  3981 | D:5      | Reached skill level 5 in Fire Magic
  4015 | D:5      | Noticed Duvessa
  4023 | D:5      | Noticed Dowan
  4026 | D:5      | Killed from afar by Duvessa

Illustrated notes

Levels and vault maps discovered:
D:1:      wander_arrival_estate, layout_loops_ring,
          shapermc_ecumenical_altar_notcrosses, grunt_decor_mini_mirrors,
          st_stairs_9
D:2:      layout_basic, basic_altar
D:3:      layout_basic
D:4:      kennysheep_the_goblin_king, layout_cave_pods, okawaru_gym_becter,
          general_overflow_altar, nicolae_shop_unique_rings,
          kennysheep_generic_room_3, uniq_blork_the_orc
D:5:      layout_rooms, mainiacjoe_overflow_small_starburst, tso_metal_star,
          overflow_temple_1_default, serial_shops,
          nicolae_shop_industrial_runoff, uniq_duvessa

Skill      XL: |  1  2  3  4  5  6  7 |
---------------+----------------------+-----
Stealth        | 3 4 5 |  5.0
Ranged Weapons | 1 2 3 4 |  4.0
Dodging        | 3 4 |  4.7
Conjurations   | 2 3 |  3.7
Spellcasting   | 4 5 |  5.4
Fire Magic     | 4 5 |  5.0

Action                     |  1- 3 |  4- 6 |  7- 9 || total
---------------------------+-------+-------+-------++-------
  Melee: Dagger            |    10 |       |       ||    10
   Fire: Sling             |    19 |    78 |    19 ||   116
   Cast: Foxfire           |    81 |     7 |       ||    88
         Scorch            |       |    15 |    19 ||    34
    Use: Scroll            |       |     3 |       ||     3
         Potion            |       |     1 |       ||     1
 Armour: Robe              |     8 |    23 |    12 ||    43
  Dodge: Dodged            |     8 |    13 |    23 ||    44
  Block: Buckler           |       |     7 |     6 ||    13
